 Dungeon Crawl Stone Soup version 0.31-a0-799-g6bc09d010c (webtiles) character file.

Game seed: 7034264863999485356

38 riojii the Scratcher (level 3, 15/15 HPs)
             Began as a Felid Shapeshifter on Sept 20, 2023.
             Quit the game on level 2 of the Dungeon.
             The game lasted 00:02:00 (982 turns).

riojii the Scratcher (Felid Shapeshifter)            Turns: 982, Time: 00:02:01

Health: 15/15      AC:  1    Str: 12    XL:     3   Next: 25%
Magic:  4/4        EV: 17    Int: 11    God:
Gold:   30         SH:  0    Dex: 15    Spells: 2/2 levels left
                                        Lives:  0   Deaths: 1

rFire   . .          .
                       - Unarmed
rCold   . . .        (shield unavailable)
rNeg    . . .        (body armour unavailable)
rPois   .            (helmet unavailable)
rElec   .            (cloak unavailable)
rCorr   .            (gloves unavailable)
SInv    +            (boots unavailable)
Will    .....        (no amulet)
Stlth   +            (no ring)
HPRegen 0.22/turn    (no ring)
MPRegen 0.09/turn

%: no passive effects
@: beast-form, quick
A: beast (slay +2), very small, claws 1, fangs 3, see invisible, speed 1, shaggy
fur 1, stealthy paws, no weapons or thrown items, no armour, multi-lived
a: Begin Untransformation


You were on level 2 of the Dungeon.
You were a hulking beast.
You visited 1 branch of the dungeon, and saw 2 of its levels.

You collected 30 gold pieces.

Inventory:

Talismans
 b - a beast talisman (active)
 c - a flux talisman
Scrolls
 f - 4 scrolls of blinking {unknown}
 g - 3 scrolls of identify {unknown}
 j - a scroll of poison {unknown}
Potions
 a - a potion of lignification
 d - a potion of enlightenment {unknown}
 e - a potion of magic {unknown}
 h - a potion of curing {unknown}
 i - 2 potions of attraction {unknown}


   Skills:
 + Level 1.6 Fighting
 + Level 3.2 Dodging
 * Level 3.6 Unarmed Combat
 + Level 3.5 Shapeshifting


You had 2 spell levels left.
You didn't know any spells.
Your spell library contained the following spells:

 Spells                   Type           Power      Damage    Failure   Level
 Summon Lightning Spire   Summ/Air       0%         N/A       98%         4
 Lee's Rapid Deconstruct  Erth           0%         3d4*      100%        5
 Animate Armour           Summ/Erth      Unusable   N/A       N/A         4

Dungeon Overview and Level Annotations

Branches:
Dungeon (2/15)

Altars:


Innate Abilities, Weirdness & Mutations

You are a hulking beast.
Your limbs bulge with bestial killing power. (Slay +2)
You have sharp claws.
You have razor-sharp teeth.
You have supernaturally acute eyesight. (SInv)
You cover ground quickly. (Speed+)
You are covered in fur. (AC +1)
Your paws help you pounce on unaware monsters.
You are incapable of wielding weapons or throwing items.
You cannot wear armour.
You gain extra lives every three experience levels.


Message History

You climb downwards.
The goblin barely misses you. The hobgoblin misses you.
There is a stone staircase leading up here.
You claw the goblin!
You kill the goblin!
The hobgoblin hits you.
You claw the hobgoblin!
You kill the hobgoblin!
An adder comes into view.
The adder hisses angrily.
You scratch the worm.
The worm is moderately wounded.
You barely miss the worm.
The worm is moderately wounded.
The worm bites you.
You barely miss the worm.
The worm is moderately wounded.
You scratch the worm. You bite the worm.
The worm is almost dead.
The worm closely misses you. The adder bites you but does no damage.
The worm bites you!
Ouch! That really hurt!
You stop ascending the stairs.
You die...
Your shape twists and changes as you die.
You rejoin the land of the living...
Found 5 gold pieces.
Found a stone staircase leading down.
Unknown command.
Unknown command.
Unknown command.
Are you sure you want to abandon this character and quit the game? (Confirm with "yes".)
Okay, then.
Unknown command.
Unknown command.
Unknown command.
Unknown command.
Are you sure you want to abandon this character and quit the game? (Confirm with "yes".)
Okay, then.
Unknown command.
Unknown command.
Are you sure you want to abandon this character and quit the game? (Confirm with "yes".)

##.## #....
....
...#####+##
..........
#.........
#.........
#.h.......
#.........
#......>.$
..########
.## .. ..
#..


There were no monsters in sight!

Vanquished Creatures
  5 ball pythons (D:1)
  A bat (D:1)
  3 endoplasms (D:1)
  A giant cockroach (D:1)
  3 hobgoblins
  5 jackals (D:1)
  2 kobolds (D:1)
  A quokka (D:1)
  8 goblins
  A rat (D:1)
30 creatures vanquished.

Notes
Turn   | Place    | Note
-------+----------+-------------------------------------------
     0 | D:1      | riojii the Felid Shapeshifter began the quest for the Orb.
     0 | D:1      | Reached XP level 1. HP: 9/9 MP: 2/2
   205 | D:1      | Reached XP level 2. HP: 9/12 MP: 3/3
   395 | D:1      | Found a faded altar of an unknown god.
   501 | D:1      | Reached XP level 3. HP: 11/15 MP: 4/4
   981 | D:2      | Slain by a worm
   982 | D:2      | Quit the game

Illustrated notes

Levels and vault maps discovered:
D:1:      dpeg_arrival_tiny_c, layout_loops_ring,
          nicolae_ecumenical_snake_handling, minmay_pentomino_q2
D:2:      layout_basic, minmay_misc_feat_four_crosses, glass_columns_b

Skill      XL: |  1  2 |
---------------+-------+-----
Dodging        | 3 |  3.2
Fighting       | |  1.6
Unarmed Combat | |  3.6
Shapeshifting  | |  3.5

Action                     || total
---------------------------++-------
  Melee: Unarmed           ||    85
         Bite              ||     4
         Punch             ||     3
 Armour: Skin              ||    30
  Dodge: Dodged            ||    69

Table legend: (Time is in decaauts)
 A = Elapsed time spent in this place.
 B = Non-inter-level travel time spent in this place.
 C = Inter-level travel time spent in this place.
 D = Time resting spent in this place.
 E = Time spent auto-exploring this place.
 F = Levels seen in this place.
 G = Mean time per level.
                   A        B        C        D        E       F      G
               +--------+--------+--------+--------+--------+-----+--------+
         Total |    839 |    822 |     17 |      0 |    653 |   2 |  419.5 |
       Dungeon |    839 |    822 |     17 |      0 |    653 |   2 |  419.5 |
               +--------+--------+--------+--------+--------+-----+--------+

Top non-repeatable levels by time:
     D:1: 820 daAuts
     D:2: 18 daAuts
